 Dungeon Crawl Stone Soup version 0.30-a0-172-gc5509c9e31 (webtiles) character file.

Game seed: 1399216212749380753

4063 Mgcat the Geomancer (level 10, -2/50 HPs)
             Began as a Gargoyle Earth Elementalist on Oct 1, 2022.
             Was a Follower of Vehumet.
             Slain by an elephant (14 damage)
             ... on level 8 of the Dungeon.
             The game lasted 00:13:48 (6705 turns).

Mgcat the Geomancer (Gargoyle Earth Elementalist)   Turns: 6705, Time: 00:13:48

Health: -2/50      AC: 14    Str: 14    XL:     10   Next: 25%
Magic:  17/22      EV: 11    Int: 21    God:    Vehumet [*.....]
Gold:   387        SH:  0    Dex: 10    Spells: 17/26 levels left

rFire   . . .      SeeInvis .    z - +6 flail (vorpal)
rCold   . . .      Faith    .    (no shield)
rNeg    + + .      Spirit   .    k - +1 robe "Getafa Nado" {rN+ Will++ Str+3}
rPois   ∞          Reflect  .    (no helmet)
rElec   +          Harm     .    (no cloak)
rCorr   .          Rampage  .    (no gloves)
Will    ++...                    (no boots)
Stlth   +++.......               (no amulet)
HPRegen 0.28/turn                n - +4 ring of protection
MPRegen 0.18/turn                (no ring)

@: no status effects
A: sickness immunity, AC +7, negative energy resistance 1, electricity
resistance, torment resistance 1, petrification resistance
a: Renounce Religion


You were on level 8 of the Dungeon.
You worshipped Vehumet.
Vehumet was aware of your devotion.
You visited 2 branches of the dungeon, and saw 9 of its levels.
You also visited: Ossuary.

You collected 387 gold pieces.

Inventory:

Hand Weapons
 z - a +6 vorpal flail (weapon)
   (You took it off Edmund on level 4 of the Dungeon)
Armour
 k - the +1 robe "Getafa Nado" (worn) {rN+ Will++ Str+3}
   (You found it on level 2 of the Dungeon)

   Str:       It affects your strength (+3).
   rN:        It protects you from negative energy.
   Will:      It greatly increases your willpower.
Magical Staves
 r - a staff of air {rElec}
   (You found it on level 6 of the Dungeon)
Jewellery
 n - a +4 ring of protection (left hand)
   (You found it on level 2 of the Dungeon)
Wands
 f - a wand of polymorph (26)
   (You took it off Edmund on level 4 of the Dungeon)
 p - a wand of paralysis (8)
   (You found it on level 3 of the Dungeon)
 w - a wand of flame (21)
   (You found it on level 4 of the Dungeon)
Scrolls
 h - a scroll of butterflies
 i - a scroll of poison
 l - 5 scrolls of teleportation
 m - a scroll of blinking {!r}
 o - 2 scrolls of enchant armour
 s - 3 scrolls of vulnerability {!r!r}
 u - a scroll of amnesia
 y - a scroll of fear
 A - a scroll of enchant weapon
Potions
 a - 2 potions of degeneration {unknown}
 b - a potion of magic
 c - 3 potions of heal wounds {unknown}
 d - 6 potions of attraction {!q}
 e - 3 potions of flight {unknown}
 g - 3 potions of haste {unknown}
 j - 5 potions of curing
 q - 6 potions of lignification {unknown}
 t - a potion of brilliance {unknown}
 v - a potion of resistance {unknown}
 x - 2 potions of cancellation {unknown}


   Skills:
 - Level 1.5 Dodging
 - Level 5.0 Stealth
 + Level 8.7 Spellcasting
 + Level 5.3 Conjurations
 - Level 0.7 Transmutations
 + Level 1.0 Fire Magic
 + Level 11.5 Earth Magic


You had 17 spell levels left.
You knew the following spells:

 Your Spells              Type           Power      Damage    Failure   Level
a - Sandblast             Erth           100%       2d20      1%          1
b - Stone Arrow           Conj/Erth      88%        3d12      1%          3
c - Fireball              Conj/Fire      11%        3d7       50%         5

Your spell library contained the following spells:

 Spells                   Type           Power      Damage    Failure   Level
 Freeze                   Ice            36%        1d6       8%          1
 Foxfire                  Conj/Fire      88%        2x1d8     1%          1
 Passwall                 Tmut/Erth      29%        N/A       1%          2
 Petrify                  Tmut/Erth      35%        N/A       6%          4
 Gell's Gravitas          Tloc           9%         N/A       22%         3
 Teleport Other           Tloc           9%         N/A       22%         3
 Manifold Assault         Tloc           9%         N/A       58%         4
 Starburst                Conj/Fire      11%        6d5       97%         6
 Dispersal                Tloc           4%         N/A       100%        6
 Disjunction              Tloc           4%         N/A       100%        8


Dungeon Overview and Level Annotations

Branches:
Dungeon (8/15)             Temple (1/1) D:6            Lair (0/5) D:8
Ossuary (visited)

Altars:
Ashenzari
Cheibriados
Elyvilon
Fedhas
Kikubaaqudgha
Qazlal
Vehumet
Wu Jian
Xom
Zin

Shops:
D:1 ::(


Innate Abilities, Weirdness & Mutations

You are immune to sickness and miasma.
Your stone body is resilient. (AC +7)
You are immune to poison.
You resist negative energy. (rN+)
You are resistant to electric shocks. (rElec)
You are resistant to unholy torment.
You are immune to petrification.


Message History

A black bear comes into view.
Warning x2: The elephant (wandering) can hit for high damage in melee, and can trample!
The wyvern is fast and can hit for high damage in melee!
Casting: Sandblast (safe; 1% risk of failure)
Confirm with . or Enter, or press ? or * to list all spells.
You can't see any susceptible monsters within range! (Use Z to cast anyway.) Lua error: [string "/dgldir/rcfiles/crawl-git/Mgcat.rc"]:930: invalid capture index
Casting: Sandblast (safe; 1% risk of failure)
Confirm with . or Enter, or press ? or * to list all spells.
You can't see any susceptible monsters within range! (Use Z to cast anyway.) Warning x2: The elephant (wandering) can hit for high damage in melee, and can trample!
The wyvern is fast and can hit for high damage in melee!
Casting: Sandblast (safe; 1% risk of failure)
Confirm with . or Enter, or press ? or * to list all spells.
You can't see any susceptible monsters within range! (Use Z to cast anyway.) Lua error: [string "/dgldir/rcfiles/crawl-git/Mgcat.rc"]:930: invalid capture index Unknown command.
Lua error: [string "/dgldir/rcfiles/crawl-git/Mgcat.rc"]:930: invalid capture index Unknown command.
Warning x2: The elephant (wandering) can hit for high damage in melee, and can trample!
The wyvern is fast and can hit for high damage in melee!
Casting: Sandblast (safe; 1% risk of failure)
Confirm with . or Enter, or press ? or * to list all spells.
You can't see any susceptible monsters within range! (Use Z to cast anyway.) Lua error: [string "/dgldir/rcfiles/crawl-git/Mgcat.rc"]:930: invalid capture index
Casting: Sandblast (safe; 1% risk of failure)
Confirm with . or Enter, or press ? or * to list all spells.
You can't see any susceptible monsters within range! (Use Z to cast anyway.) Warning x2: The elephant (wandering) can hit for high damage in melee, and can trample!
The wyvern is fast and can hit for high damage in melee!
Lua error: [string "/dgldir/rcfiles/crawl-git/Mgcat.rc"]:930: invalid capture index
Casting: Sandblast (safe; 1% risk of failure)
Confirm with . or Enter, or press ? or * to list all spells.
Aiming: Sandblast (safe; 1% risk of failure)
Press: ? - help, Shift-Dir - straight line, f - black bear
Aim: a black bear (89% to hit)
The blast of sand hits the black bear!!
The black bear is almost dead.
The black bear growls angrily.
You hear a shout! x2
You now have 21/22 mp.
Warning x2: The wyvern is fast and can hit for high damage in melee!
The elephant can hit for high damage in melee, and can trample!
Okay, then.
Warning x2: The wyvern is fast and can hit for high damage in melee!
The elephant can hit for high damage in melee, and can trample!
Unknown command.
Warning x2: The wyvern is fast and can hit for high damage in melee!
The elephant can hit for high damage in melee, and can trample!
Unknown command.
Warning x2: The wyvern is fast and can hit for high damage in melee!
The elephant can hit for high damage in melee, and can trample!
Casting: Sandblast (safe; 1% risk of failure)
Confirm with . or Enter, or press ? or * to list all spells.
Aiming: Sandblast (safe; 1% risk of failure)
Press: ? - help, Shift-Dir - straight line, f/p - black bear
Aim: a black bear (almost dead, 89% to hit)
The blast of sand hits the black bear!!!
You kill the black bear!
Vehumet accepts your kill. The wyvern closely misses you. The wyvern bites you!
A kobold comes into view. It is wielding a +0 short sword.
You take 7 damage, and have 36/50 hp.
You now have 20/22 mp.
Warning x2: The wyvern is fast and can hit for high damage in melee!
The elephant can hit for high damage in melee, and can trample!
Casting: Sandblast (safe; 1% risk of failure)
Confirm with . or Enter, or press ? or * to list all spells.
Aiming: Sandblast (safe; 1% risk of failure)
Press: ? - help, Shift-Dir - straight line, f - wyvern
Aim: a wyvern (85% to hit)
The blast of sand hits the wyvern!!
You kill the wyvern!
Vehumet accepts your kill.
Your Fire Magic skill increases to level 1!
You now have 19/22 mp.
Spoiler Alert: The elephant can hit for high damage in melee, and can trample!
Casting: Sandblast (safe; 1% risk of failure)
Confirm with . or Enter, or press ? or * to list all spells.
Aiming: Sandblast (safe; 1% risk of failure)
Press: ? - help, Shift-Dir - straight line, f - elephant
Aim: an elephant (100% to hit)
The blast of sand hits the elephant!!
The elephant is moderately wounded.
The elephant tramples you.
You stumble backwards!
The elephant tramples you but does no damage.
The elephant barely misses you.
You take 1 damage, and have 35/50 hp.
Spoiler Alert: The elephant can hit for high damage in melee, and can trample!
Casting: Sandblast (safe; 1% risk of failure)
Confirm with . or Enter, or press ? or * to list all spells.
Aiming: Sandblast (safe; 1% risk of failure)
Press: ? - help, Shift-Dir - straight line, f/p - elephant
Aim: an elephant (moderately wounded, 100% to hit)
The blast of sand hits the elephant!
The elephant is heavily wounded.
The elephant tramples you!
You hold your ground!
The elephant trunk-slaps you but does no damage.
You take 13 damage, and have 22/50 hp.
MASSIVE DAMAGE!!
You now have 18/22 mp.
Spoiler Alert: The elephant can hit for high damage in melee, and can trample!
Casting: Sandblast (safe; 1% risk of failure)
Confirm with . or Enter, or press ? or * to list all spells.
Aiming: Sandblast (safe; 1% risk of failure)
Press: ? - help, Shift-Dir - straight line, f/p - elephant
Aim: an elephant (heavily wounded, 100% to hit)
The blast of sand hits the elephant but does no damage.
The elephant is heavily wounded.
The elephant tramples you!
* * * LOW HITPOINT WARNING * * *
You stumble backwards!
The elephant tramples you!
You die...

.............#)....#
........#..#...#
..............##... .
...................# ..
....##.......#.#.... ...
...........##.#.# ##.....
...............#.## ....>
...#..........#..##......
...............@Yh.K.....
.............##.####.PP.
. ##.#.[...###....(.# .
.###.#.#....##......##
........##..##...)...#
........##..##........#
..>.....##............#
........##.##......[..#
........# <.............


You could see an elephant, a black bear and a kobold.

Vanquished Creatures
  4 yaks
  2 wyverns
  3 water moccasins
  Edmund (D:4)
  2 black bears
  3 orc warriors
  An ice beast (D:7)
  2 sky beasts (D:6)
  2 ogres
  3 centaurs
  A phantom (D:5)
  A kobold brigand (D:7)
  3 bullfrogs
  8 wights
  A troll zombie (Ossuary)
  2 howler monkeys (D:6)
  A centaur zombie (Ossuary)
  3 hounds
  4 orc priests
  7 orc wizards
  3 ogre zombies (Ossuary)
  8 mummies
  4 adders
  A shadow imp (D:5)
  3 white imps
  2 adder zombies (Ossuary)
  2 dart slugs
  26 orcs
  5 bats
  3 endoplasms
  7 giant cockroaches
  3 goblins
  3 hobgoblins
  9 jackals
  12 kobolds
  3 quokkas
  3 frilled lizards
  A gnoll zombie (Ossuary)
  5 goblin zombies (Ossuary)
  2 hobgoblin zombies (Ossuary)
  3 kobold zombies (Ossuary)
  8 quokka zombies (Ossuary)
  6 rats
  4 rat zombies (Ossuary)
180 creatures vanquished.

Notes
Turn   | Place    | Note
-------+----------+-------------------------------------------
     0 | D:1      | Mgcat the Gargoyle Earth Elementalist began the quest for
                  | the Orb.
     0 | D:1      | Reached XP level 1. HP: 10/10 MP: 3/3
   148 | D:1      | Found Plog's Book Shop.
   189 | D:1      | Found Tapleedgh's Weapon Shop.
   300 | D:1      | Reached XP level 2. HP: 15/15 MP: 1/5
   497 | D:1      | Reached skill level 3 in Stealth
   528 | D:1      | Found Notoisto's Book Boutique.
   586 | D:1      | Found a faded altar of an unknown god.
   959 | D:2      | Identified the +1 robe "Getafa Nado" {rN+ Will++ Str+3}
  1002 | D:2      | Reached skill level 4 in Earth Magic
  1004 | D:2      | Reached XP level 3. HP: 19/19 MP: 1/6
  1791 | D:3      | Reached XP level 4. HP: 24/24 MP: 4/7
  1798 | D:3      | Learned a level 3 spell: Stone Arrow
  1846 | D:3      | Reached skill level 4 in Stealth
  1962 | D:3      | Noticed an ogre
  1967 | D:3      | Killed an ogre
  1968 | D:3      | Reached skill level 3 in Spellcasting
  1968 | D:3      | Reached XP level 5. HP: 28/28 MP: 3/9
  2053 | D:4      | Reached skill level 5 in Stealth
  2185 | D:4      | Noticed Edmund
  2425 | D:4      | Reached skill level 5 in Earth Magic
  2429 | D:4      | Reached XP level 6. HP: 32/32 MP: 4/11
  2506 | D:4      | Killed Edmund
  2602 | D:5      | Entered Level 5 of the Dungeon
  2648 | D:5      | Found a faded altar of an unknown god.
  2681 | D:5      | Reached skill level 4 in Spellcasting
  2681 | D:5      | Reached skill level 6 in Earth Magic
  2681 | D:5      | Reached XP level 7. HP: 36/36 MP: 9/13
  2713 | D:5      | Found a sand-covered staircase.
  2721 | Ossuary  | Entered an ossuary
  3368 | Ossuary  | Reached skill level 7 in Earth Magic
  3369 | Ossuary  | Reached skill level 5 in Spellcasting
  3579 | D:5      | Reached XP level 8. HP: 29/41 MP: 10/16
  4048 | D:6      | Noticed a yak
  4058 | D:6      | Killed a yak
  4059 | D:6      | Reached skill level 8 in Earth Magic
  4069 | D:6      | Noticed a yak
  4069 | D:6      | Noticed a yak
  4071 | D:6      | Noticed a yak
  4083 | D:6      | Killed a yak
  4084 | D:6      | Reached skill level 6 in Spellcasting
  4237 | D:6      | HP: 1/41 [yak (11)]
  4450 | D:5      | Killed a yak
  4451 | D:5      | Reached skill level 9 in Earth Magic
  4454 | D:5      | Killed a yak
  4562 | D:6      | Reached skill level 7 in Spellcasting
  4562 | D:6      | Reached XP level 9. HP: 30/45 MP: 15/19
  4602 | D:6      | Reached skill level 10 in Earth Magic
  4748 | D:6      | Reached skill level 1 in Conjurations
  5038 | D:6      | Reached skill level 2 in Conjurations
  5138 | D:6      | Identified the +1 buckler of Impatience {Rampage Fly rPois}
  5189 | D:6      | Found a staircase to the Ecumenical Temple.
  5224 | D:6      | Reached skill level 3 in Conjurations
  5247 | Temple   | Entered the Ecumenical Temple
  5255 | Temple   | Became a worshipper of Vehumet
  5876 | D:6      | Reached skill level 8 in Spellcasting
  5990 | D:7      | Reached skill level 11 in Earth Magic
  5996 | D:7      | Reached skill level 4 in Conjurations
  6138 | D:7      | Reached XP level 10. HP: 43/50 MP: 17/22
  6547 | D:8      | Reached * piety under Vehumet
  6547 | D:8      | Offered knowledge of Freeze by Vehumet.
  6590 | D:8      | Reached skill level 5 in Conjurations
  6603 | D:8      | Learned a level 5 spell: Fireball
  6698 | D:8      | Found a staircase to the Lair.
  6698 | D:8      | Noticed an elephant
  6703 | D:8      | Reached skill level 1 in Fire Magic
  6705 | D:8      | HP: 12/50 [elephant (10)]
  6705 | D:8      | Slain by an elephant

Illustrated notes

Levels and vault maps discovered:
D:1:      psy_arrival_radial01, layout_loops_ring, serial_shops,
          nicolae_shop_window_shopping, nicolae_shop_bloodbath_and_beyond,
          nicolae_diamond_shop, shapermc_ecumenical_altar_acropolis
D:2:      layout_rooms, minmay_misc_feat_doors
D:3:      layout_rooms
D:4:      layout_rooms, serial_bayou_lake_a, uniq_edmund
D:5:      layout_cave_pools, serial_column_ruins, column_ruins_square_small,
          column_ruins_temple_circle, column_ruins_open_tiny,
          column_ruins_columns_straight, column_ruins_grid_3,
          column_ruins_open_tiny, column_ruins_open_tiny,
          column_ruins_corridor_straight, column_ruins_open_small,
          gup_ossuary_entry_pyramid, hangedman_decor_opposing,
          dreamdust_wishing_well, nicolae_concentric_dashed_squares_mild
D:6:      layout_layer_cave, temple_hall, gup_sewer_entry_bowl
D:7:      layout_cave_pools
D:8:      layout_rooms, old_standard_altar, david_lair_generic
Temple:   compressed_dpeg_triangle_lava_temple

Skill      XL: |  1  2  3  4  5  6  7  8  9 10 |
---------------+-------------------------------+-----
Stealth        | 3 4 5 |  5.0
Earth Magic    | 4 5 6 7 9 11 | 11.5
Spellcasting   | 3 4 5 7 8 |  8.7
Conjurations   | 4 5 |  5.3
Fire Magic     | 1 |  1.0
Dodging        | |  1.5
Transmutations | |  0.7

Action                   |  1- 3 |  4- 6 |  7- 9 | 10-12 || total
-------------------------+-------+-------+-------+-------++-------
Melee: Dagger            |    14 |       |       |       ||    14
       Punch             |     1 |       |       |       ||     1
 Cast: Sandblast         |    55 |    37 |   204 |    40 ||   336
Evoke: Wand              |       |     4 |     1 |       ||     5
  Use: Scroll            |     1 |    14 |     2 |       ||    17
Armor: Robe              |    27 |     6 |    28 |    27 ||    88
Dodge: Dodged            |    27 |     3 |    54 |    29 ||   113

Table legend: (Time is in decaauts)
 A = Elapsed time spent in this place.
 B = Non-inter-level travel time spent in this place.
 C = Inter-level travel time spent in this place.
 D = Time resting spent in this place.
 E = Time spent auto-exploring this place.
 F = Levels seen in this place.
 G = Mean time per level.
                   A        B        C        D        E       F      G
               +--------+--------+--------+--------+--------+-----+--------+
         Total |   6899 |   6643 |    256 |    420 |   5086 |  10 |  689.9 |
       Dungeon |   6038 |   5782 |    256 |    250 |   4581 |   8 |  754.8 |
        Temple |     16 |     16 |      0 |      0 |      0 |   1 |   16.0 |
       Ossuary |    844 |    844 |      0 |    170 |    505 |   1 |  844.0 |
               +--------+--------+--------+--------+--------+-----+--------+

Top non-repeatable levels by time:
     D:6: 1619 daAuts
     D:1: 911 daAuts
 Ossuary: 844 daAuts
     D:5: 740 daAuts
     D:4: 728 daAuts
     D:2: 696 daAuts
     D:7: 656 daAuts
     D:3: 495 daAuts
     D:8: 191 daAuts
  Temple: 16 daAuts

Table legend:
 A = Kills in this place as a percentage of kills in entire the game.
 B = Kills by you in this place as a percentage of kills by you in the entire game.
 C = Kills by friends in this place as a percentage of kills by friends in the entire game.
 D = Other kills in this place as a percentage of other kills in the entire game.
 E = Experience gained in this place as a percentage of experience gained in the entire game.
 F = Experience gained in this place divided by the number of levels of this place that you have seen.
                   A       B       C       D       E      F
               +-------+-------+-------+-------+-------+----------------------
         Total | 100.0 | 100.0 |   N/A |   N/A | 100.0 | 580.5
       Dungeon |  79.4 |  79.4 |   N/A |   N/A |  94.0 | 681.9
       Ossuary |  20.6 |  20.6 |   N/A |   N/A |   6.0 | 350.0
               +-------+-------+-------+-------+-------+----------------------
